 Dungeon Crawl Stone Soup version 0.28.0-1-gb440e238dd (webtiles) character file.

Game seed: 11637774762590796481

177812 fragbeetle the Hand of Fortune (level 17, -2/156 HPs)
             Began as a Minotaur Monk on Feb 23, 2022.
             Was the Champion of Nemelex Xobeh.
             Slain by a spriggan rider (16 damage)
             ... on level 2 of the Swamp.
             The game lasted 01:39:49 (37960 turns).

fragbeetle the Hand of Fortune (Minotaur Monk)     Turns: 37960, Time: 01:39:50

Health: -2/156     AC: 32    Str: 22    XL:     17   Next: 55%
Magic:  0/41       EV:  8    Int:  7    God:    Nemelex Xobeh [******]
Gold:   2126       SH:  8    Dex: 18    Spells: 15/16 levels left

rFire   . . .      SeeInvis .   a - +8 woodcutter's axe {vorpal}
rCold   . . .      Faith    .   Y - +0 kite shield {reflect}
rNeg    . . .      Spirit   +   Z - +2 plate armour {rPois}
rPois   +          Reflect  +   (helmet restricted)
rElec   .          Harm     .   G - +2 cloak
rCorr   +          Rampage  +   x - +1 pair of gloves
Will    +....                   l - +2 pair of boots {rampage}
Stlth   ..........              R - amulet of guardian spirit
HPRegen 0.36/turn               y - +4 ring of protection
MPRegen 0.27/turn               S - ring "Bygguph" {rCorr MP+9 Dex+3}

@: no status effects
A: horns 2, retaliatory headbutt
a: Renounce Religion, Draw Escape, Draw Destruction, Draw Summoning, Triple
Draw, Deal Four, Stack Five


You were on level 2 of the Swamp.
You worshipped Nemelex Xobeh.
Nemelex Xobeh was exalted by your worship.
You visited 6 branches of the dungeon, and saw 28 of its levels.
You also visited: Sewer and Gauntlet.

You collected 3654 gold pieces.
You spent 1528 gold pieces at shops.

Inventory:

Hand Weapons
 a - the +8 woodcutter's axe (weapon) {vorpal}
   (You found it on level 3 of the Dungeon)

   It inflicts extra damage upon your enemies.
 b - a +2 arbalest of flaming
Missiles
 g - 6 atropa-tipped darts (quivered)
 s - 3 throwing nets
 w - 212 bolts
 H - 4 curare-tipped darts
Armour
 l - a +2 pair of boots of rampaging (worn)
 x - a +1 pair of gloves (worn)
 G - a +2 cloak (worn)
 Y - a +0 kite shield of reflection (worn)
 Z - a +2 plate armour of poison resistance (worn)
Jewellery
 f - a ring of see invisible
 t - a +6 ring of strength
 y - a +4 ring of protection (left hand)
 C - the ring "Ududeo" {rF+ rC+ Int+2}
   (You found it in a Gauntlet)

   [ring of protection from cold]

   Int:       It affects your intelligence (+2).
   rF:        It protects you from fire.
   rC:        It protects you from cold.
 N - the ring of the Hare {EV+8}
   (You found it on level 11 of the Dungeon)

   [ring of evasion]

   EV:        It affects your evasion (+8).
 R - an amulet of guardian spirit (around neck)
 S - the ring "Bygguph" (right hand) {rCorr MP+9 Dex+3}
   (You found it on level 14 of the Dungeon)

   [ring of resist corrosion]

   Dex:       It affects your dexterity (+3).
   MP:        It affects your magic capacity (+9).
   rCorr:     It protects you from acid and corrosion.
 W - a ring of poison resistance
Wands
 j - a wand of digging (11)
 p - a wand of paralysis (7)
 D - a wand of iceblast (7)
 I - a wand of flame (47)
 K - a wand of mindburst (5)
 Q - a wand of polymorph (6)
 T - a wand of acid (9)
Scrolls
 d - 3 scrolls of silence
 e - 4 scrolls of summoning
 i - 4 scrolls of blinking
 m - 4 scrolls of fear
 o - a scroll of enchant weapon
 B - 4 scrolls of fog
 E - 2 scrolls of holy word
 F - a scroll of amnesia
 O - 6 scrolls of magic mapping
 P - 9 scrolls of teleportation
Potions
 c - 2 potions of ambrosia
 h - 2 potions of resistance
 n - 2 potions of haste
 q - 4 potions of flight
 r - 2 potions of might
 v - 5 potions of attraction
 z - 6 potions of invisibility
 A - 5 potions of curing
 J - 2 potions of berserk rage
 L - 3 potions of cancellation
 M - 4 potions of lignification
Miscellaneous
 k - a lightning rod (4/4)
 U - a condenser vane
 V - a piece from Xom's chessboard (15/15)


   Skills:
 - Level 15.0 Fighting
 - Level 10.0 Axes
 - Level 15.0 Armour
 - Level 5.0 Dodging
 - Level 1.5 Stealth
 + Level 24.8 Invocations
 - Level 10.0 Evocations


You had 15 spell levels left.
You knew the following spells:

 Your Spells              Type           Power      Damage    Failure   Level
a - Apportation           Tloc           0%         N/A       100%        1

Your spell library contained the following spells:

 Spells                   Type           Power      Damage    Failure   Level
 Animate Skeleton         Necr           0%         N/A       100%        1
 Foxfire                  Conj/Fire      0%         2x1d4     100%        1
 Pain                     Necr           0%         1d4       100%        1
 Shock                    Conj/Air       0%         1d3       100%        1
 Sting                    Tmut/Pois      0%         1d3       100%        1
 Summon Small Mammal      Summ           0%         N/A       100%        1
 Poisonous Vapours        Pois/Air       0%         N/A       100%        2
 Scorch                   Fire           0%         2d5       100%        2
 Confusing Touch          Hex            0%         N/A       100%        3
 Conjure Flame            Conj/Fire      0%         6-21      100%        3
 Dazzling Flash           Conj/Hex       0%         N/A       100%        3
 Gell's Gravitas          Tloc           0%         N/A       100%        3
 Inner Flame              Hex/Fire       0%         N/A       100%        3
 Lesser Beckoning         Tloc           0%         N/A       100%        3
 Stone Arrow              Conj/Erth      0%         3d7       100%        3
 Swiftness                Air            0%         N/A       100%        3
 Teleport Other           Tloc           0%         N/A       100%        3
 Tukima's Dance           Hex            0%         N/A       100%        3
 Airstrike                Air            0%         N/A       100%        4
 Anguish                  Hex/Necr       0%         N/A       100%        4
 Animate Armour           Summ/Erth      0%         N/A       100%        4
 Flame Wave               Conj/Fire      0%         2d4       100%        4
 Iskenderun's Mystic Bla  Conj/Tloc      0%         2d3       100%        4
 Leda's Liquefaction      Hex/Erth       0%         N/A       100%        4
 Olgreb's Toxic Radiance  Pois           0%         N/A       100%        4
 Passage of Golubria      Tloc           0%         N/A       100%        4
 Summon Lightning Spire   Summ/Air       0%         N/A       100%        4
 Agony                    Necr           0%         N/A       100%        5
 Excruciating Wounds      Necr           0%         N/A       100%        5
 Iskenderun's Battlesphe  Conj           0%         2d6       100%        5
 Lee's Rapid Deconstruct  Erth           0%         3d5*      100%        5
 Silence                  Hex/Air        0%         N/A       100%        5
 Yara's Violent Unravell  Hex/Tmut       0%         3d3       100%        5
 Iron Shot                Conj/Erth      0%         9d1       100%        6
 Starburst                Conj/Fire      0%         6d3       100%        6
 Statue Form              Tmut/Erth      0%         N/A       100%        6
 Summon Cactus Giant      Summ           0%         N/A       100%        6
 Enfeeble                 Hex            0%         N/A       100%        7
 Spellforged Servitor     Conj/Summ      0%         N/A       100%        7
 Storm Form               Tmut/Air       0%         N/A       100%        7
 Lehudib's Crystal Spear  Conj/Erth      0%         10d2      100%        8
 Maxwell's Capacitive Co  Air            0%         ∞         100%        8


Dungeon Overview and Level Annotations

Branches:
Dungeon (15/15)            Temple (1/1) D:4            Lair (6/6) D:10
  Swamp (2/4) Lair:2       Spider (0/4) Lair:3        Slime (0/5) Lair:6
    Orc (2/2) D:9             Elf (2/3) Orc:2        Vaults (0/5) D:13
 Depths (0/4) D:15          Sewer (visited)         Gauntlet (visited)

Altars:
Ashenzari
Cheibriados
Fedhas
Gozag
Kikubaaqudgha
Makhleb
Nemelex Xobeh
Ru
Sif Muna
Uskayaw
Vehumet
The Shining One
Beogh

Shops:
D:4 (!=   D:5 :   D:6 !   D:7 *?   Orc:1 ?   Orc:2 [*[[   Elf:1 *

Annotations:
D:14 3 runed translucent doors, JustinTrotter's ghost, journeyman GrFi
Lair:3 2 transporters, exclusion: 3 killer bees, pkoi's ghost, journeyman DrMo
Swamp:1 1 runed translucent door, PBDoughboyy's ghost, journeyman GnTm


Innate Abilities, Weirdness & Mutations

You have a pair of horns on your head.
You reflexively headbutt those who attack you in melee.


Message History

* * * LOW HITPOINT WARNING * * *
The spriggan rider hits you but does no damage.
Unknown command.
You hit the swamp worm. Your headbutt misses the swamp worm.
The swamp worm is lightly wounded.
The swamp worm bites you!
* * * LOW HITPOINT WARNING * * *
You feel much better.
Your surroundings suddenly seem different.
Splash!
You fall into the shallow water.
Moving in this stuff is going to be slow.
You start resting.
A spriggan rider is nearby!
The spriggan rider hits you from afar with a +0 spear!
* * * LOW HITPOINT WARNING * * *
The spriggan rider hits you but does no damage.
The spriggan rider blocks your attack. You block the spriggan rider's attack.
You slice the spriggan rider!! The spriggan rider blocks your attack.
The spriggan rider is moderately wounded.
The spriggan rider hits you with a +0 spear!
* * * LOW HITPOINT WARNING * * *
You are too injured to fight recklessly!
You completely miss the spriggan rider.
The spriggan rider is moderately wounded.
The spriggan rider barely misses you.
You barely miss the spriggan rider.
Your headbutt misses the spriggan rider.
The spriggan rider is moderately wounded.
The spriggan rider hits you with a +0 spear!
* * * LOW HITPOINT WARNING * * *
You feel better.
The spriggan rider completely misses you.
You furiously retaliate!
You headbutt the spriggan rider, but do no damage.
You closely miss the spriggan rider.
The spriggan rider is moderately wounded.
The spriggan rider hits you with a +0 spear!!
You die...
Your body disappears without a glow.

♣♣♣ ♣♣≈♣♣♣♣♣♣♣ ♣♣♣ ♣♣♣♣
♣♣♣♣.§≈♣♣≈≈≈♣♣♣.♣♣ ♣♣♣..♣
♣...≈≈≈♣......@.≈♣ ♣♣≈)≈≈.
♣♣..≈≈≈§≈.≈≈§.§i.≈♣ ♣♣≈.≈≈≈≈
♣..≈≈≈≈..≈≈≈≈≈≈§≈♣♣ ♣.≈.≈≈≈≈
♣.≈≈..≈≈.≈≈§§≈..♣♣ ♣<≈≈≈§≈≈
♣♣.≈≈..≈≈≈≈≈.....♣♣ ♣♣♣<≈§≈≈≈≈
♣.....§.........≈≈♣ ♣♣♣♣...≈≈§§≈≈
.≈♣.≈.≈.....≈..≈≈≈♣♣♣...≈≈≈†≈≈≈≈≈
≈≈♣.≈≈......§.♣♣..♣♣≈§.≈≈≈≈≈≈≈≈§≈
≈≈♣.≈≈≈≈≈..([♣♣♣♣♣♣♣.♣..≈≈≈≈≈≈≈≈≈


You could see a spriggan rider.

Vanquished Creatures
  5 sphinxes (Elf:2)
  A storm dragon (Elf:1)
  A fenstrider witch (Swamp:2)
  A deep elf demonologist (Elf:1)
  Azrael (D:13)
  3 eleionomae
  2 bunyips (Swamp:2)
  An entropy weaver (Gauntlet)
  A minotaur (Gauntlet)
  A deep elf death mage (Elf:1)
  A shambling mangrove (Swamp:1)
  A fire dragon (Elf:2)
  A hell beast (Elf:2)
  4 vault guards (D:13)
  13 hydras
  4 centaur warriors
  An ogre mage (Orc:1)
  4 catoblepae
  An anaconda (shapeshifter) (Elf:2)
  5 two-headed ogres
  22 dancing weapons
  3 alligators
  8 death yaks
  2 tengu warriors (D:13)
  7 orc high priests
  13 deep elf knights
  A fire crab (Elf:1)
  3 goliath frogs
  A sixfirhy (Gauntlet)
  2 skeletal warriors (D:15)
  A spriggan druid (Swamp:2)
  18 deep elf archers
  2 bog bodies
  Pikel (D:5)
  A phantasmal warrior (D:15)
  3 necromancers
  4 orc knights
  19 deep elf pyromancers
  23 deep elf zephyrmancers
  A mana viper (Elf:2)
  3 harpies (Elf:2)
  A wolf spider (Gauntlet)
  4 cyclopes
  8 orc sorcerers
  11 manticores
  A salamander (shapeshifter) (Elf:1)
  3 ugly things
  Maurice (Orc:2)
  16 elephants
  2 torpor snails
  The ghost of lake5 the Ruffian, a novice DrTm (D:5)
  6 cane toads
  5 black mambas
  A gargoyle (D:13)
  A cane toad (shapeshifter) (D:14)
  6 rime drakes
  An efreet (D:13)
  A komodo dragon (shapeshifter) (D:13)
  6 komodo dragons
  A spriggan skeleton (D:15)
  2 freezing wraiths
  A meliai (shapeshifter) (Elf:2)
  3 meliai (D:15)
  A tyrant leech (Swamp:2)
  A polar bear (Lair:2)
  12 trolls
  An ettin zombie (D:15)
  10 blink frogs
  3 slime creatures (D:13)
  7 hornets
  12 dream sheep
  A centaur simulacrum (D:14)
  A spriggan zombie (D:15)
  3 spriggans
  4 air elementals
  A jumping spider (Elf:2)
  2 shadows
  3 wyverns
  2 wraiths
  47 yaks
  2 water elementals
  19 humans (D:13)
  2 steam dragons
  6 fire elementals
  16 vampire mosquitoes
  5 basilisks
  A redback (shapeshifter) (Elf:1)
  A redback (Gauntlet)
  Menkaure (D:6)
  4 swamp worms
  A warg (Orc:2)
  13 water moccasins
  3 floating eyes
  5 hell hounds
  2 swamp drakes
  42 orc warriors
  3 ice beasts
  A black bear (shapeshifter) (D:15)
  12 ogres
  2 centaurs
  A phantom (D:5)
  17 wolves
  2 kobold brigands
  Blork the orc (D:6)
  2 gnoll sergeants
  10 bullfrogs
  3 scorpions
  An earth elemental (Elf:1)
  8 wights
  A howler monkey (D:6)
  A tengu skeleton (D:15)
  2 electric eels (Lair:3)
  3 centaur zombies
  A bullfrog zombie (D:5)
  4 hounds
  3 jellies
  2 gnoll shamans
  31 orc priests
  A centaur skeleton (D:6)
  3 iguanas
  20 orc wizards
  12 hell rats (Lair:2)
  Robin (D:2)
  25 gnolls
  4 adders
  14 river rats (Lair:2)
  4 ufetubi
  3 worms
  4 dart slugs
  100 orcs
  15 endoplasms
  12 giant cockroaches
  14 goblins
  13 hobgoblins
  4 jackals (D:5)
  12 quokkas
  15 ball pythons
  6 bats
  6 frilled lizards
  11 kobolds
  19 rats
935 creatures vanquished.

Vanquished Creatures (collateral kills)
  A tentacled monstrosity (Swamp:2)
  A storm dragon (Orc:2)
  Donald (Orc:2)
  A hydra (Lair:2)
  A boulder beetle (Lair:5)
  2 orc high priests (Elf:1)
  A dancing weapon (Elf:1)
  A deep elf knight (Elf:2)
  2 deep elf pyromancers
  2 deep elf zephyrmancers (Elf:1)
  2 orc sorcerers
  A black mamba (Lair:5)
  A torpor snail (Lair:2)
  2 hornets (Orc:1)
  An orc warrior (Orc:2)
  An orc (Orc:2)
21 creatures vanquished.

Vanquished Creatures (others)
  A bloated husk (Swamp:2)
  A swamp worm (Swamp:2)
  A wolf (Lair:6)
  A bush (Lair:4)
  46 fungi
  47 plants
  2 withered plants (D:15)
99 creatures vanquished.

Grand Total: 1055 creatures vanquished

Notes
Turn   | Place    | Note
-------+----------+-------------------------------------------
     0 | D:1      | fragbeetle the Minotaur Monk began the quest for the Orb.
     0 | D:1      | Reached XP level 1. HP: 19/19 MP: 0/0
   116 | D:1      | Reached XP level 2. HP: 13/26 MP: 1/1
   699 | D:1      | Reached skill level 5 in Axes
   699 | D:1      | Reached XP level 3. HP: 13/31 MP: 2/2
  2175 | D:2      | Found a faded altar of an unknown god.
  2346 | D:2      | Reached XP level 4. HP: 7/39 MP: 3/3
  2593 | D:3      | Noticed Robin
  2605 | D:2      | Killed Robin
  2854 | D:3      | Noticed a gnoll sergeant
  2854 | D:3      | Found the +8 woodcutter's axe {vorpal}
  2985 | D:3      | Reached XP level 5. HP: 45/45 MP: 4/4
  3821 | D:3      | HP: 2/45 [gnoll sergeant (12)]
  4105 | D:3      | Found an opulent altar of Gozag.
  4377 | D:3      | Reached XP level 6. HP: 34/51 MP: 5/5
  4601 | D:4      | Found a staircase to the Ecumenical Temple.
  4618 | Temple   | Entered the Ecumenical Temple
  4660 | Temple   | Became a worshipper of Nemelex Xobeh the Trickster
  4660 | Temple   | Reached * piety under Nemelex Xobeh
  4660 | Temple   | Received a gift from Nemelex Xobeh
  4660 | Temple   | Reached ** piety under Nemelex Xobeh
  4732 | D:4      | Found a glowing drain.
  4833 | Sewer    | Entered a sewer
  5102 | Sewer    | Reached XP level 7. HP: 50/57 MP: 6/6
  5180 | D:4      | Found Ruef's Distillery.
  5186 | D:4      | Bought a potion of degeneration for 10 gold pieces
  5186 | D:4      | Bought a potion of attraction for 30 gold pieces
  5186 | D:4      | Bought a potion of mutation for 80 gold pieces
  5193 | D:4      | Found Usot's Jewellery Emporium.
  5273 | D:4      | Reached skill level 10 in Axes
  5273 | D:4      | Reached skill level 1 in Invocations
  5302 | D:4      | Found Biri Karchu's Weapon Shop.
  5490 | D:4      | Reached skill level 2 in Invocations
  5832 | D:5      | Entered Level 5 of the Dungeon
  5866 | D:5      | Reached skill level 3 in Invocations
  6238 | D:5      | Reached skill level 4 in Invocations
  6293 | D:5      | Found a runed translucent gate.
  6294 | D:5      | Found a runed translucent gate.
  6294 | D:5      | Noticed lake5's ghost (novice DrTm)
  6295 | D:5      | Found a runed translucent gate.
  6300 | D:5      | Reached skill level 5 in Invocations
  6300 | D:5      | Reached XP level 8. HP: 57/64 MP: 10/10
  6303 | D:5      | Identified the +7 dagger of Ymnatoc {vorpal, rC+ Will-
                  | Int+4}
  6351 | D:5      | Reached *** piety under Nemelex Xobeh
  6727 | D:5      | Reached skill level 6 in Invocations
  6850 | D:5      | Found Piczuova's Book Shop.
  6930 | D:5      | Reached skill level 7 in Invocations
  7041 | D:6      | Received a gift from Nemelex Xobeh
  7076 | D:6      | Noticed Menkaure
  7083 | D:6      | Killed Menkaure
  7113 | D:6      | Reached skill level 8 in Invocations
  7176 | D:6      | Noticed Blork the orc
  7182 | D:6      | Noticed Pikel
  7194 | D:6      | Killed Blork the orc
  7238 | D:5      | Killed Pikel
  7239 | D:5      | Reached skill level 9 in Invocations
  7239 | D:5      | Reached XP level 9. HP: 41/70 MP: 13/15
  7662 | D:6      | Received a gift from Nemelex Xobeh
  7710 | D:6      | Reached skill level 10 in Invocations
  8090 | D:6      | Reached skill level 5 in Fighting
  8181 | D:6      | Found Hailinar's Distillery.
  8202 | D:6      | Bought a potion of curing for 30 gold pieces
  8202 | D:6      | Bought a potion of might for 40 gold pieces
  8202 | D:6      | Bought a potion of haste for 100 gold pieces
  8491 | D:7      | Found Tomysh's Magic Scroll Boutique.
  8500 | D:7      | Bought a scroll of identify for 20 gold pieces
  8581 | D:7      | Paralysed by a hornet for 2 turns
  8747 | D:7      | Reached **** piety under Nemelex Xobeh
  8879 | D:7      | Received a gift from Nemelex Xobeh
  9088 | D:7      | Found Ziateron's Gadget Gallery.
  9567 | D:8      | Reached ***** piety under Nemelex Xobeh
  9754 | D:9      | Reached XP level 10. HP: 86/91 MP: 16/16
 10093 | D:9      | Found a staircase to the Orcish Mines.
 10201 | D:9      | Reached skill level 10 in Fighting
 10203 | D:9      | Reached skill level 1 in Armour
 10445 | D:10     | Entered Level 10 of the Dungeon
 10452 | D:10     | Learned a level 1 spell: Apportation
 10488 | D:10     | Found a staircase to the Lair.
 10533 | D:10     | Reached skill level 5 in Armour
 10728 | D:10     | Noticed a purple ugly thing
 10752 | D:10     | Killed a purple ugly thing
 10926 | D:10     | Received a gift from Nemelex Xobeh
 11376 | D:11     | Noticed a manticore
 11385 | D:11     | Killed a manticore
 11409 | D:11     | Found the ring of the Hare {EV+8}
 11785 | D:11     | Noticed a two-headed ogre
 11799 | D:11     | Killed a two-headed ogre
 12056 | D:11     | Identified the +1 ring mail "Ceruni" {Harm rF- Int+10
                  | Dex-4}
 12080 | D:11     | Noticed a four-headed hydra
 12093 | D:11     | Killed a four-headed hydra
 12094 | D:11     | Reached skill level 10 in Armour
 12094 | D:11     | Reached XP level 11. HP: 99/99 MP: 17/17
 12771 | Lair:1   | Entered Level 1 of the Lair of Beasts
 12919 | Lair:1   | Received a gift from Nemelex Xobeh
 12946 | Lair:1   | Reached skill level 11 in Invocations
 13269 | Lair:2   | Found a staircase to the Swamp.
 13270 | Lair:2   | Noticed a bog body
 13284 | Lair:2   | Noticed a five-headed hydra
 13338 | Lair:2   | Killed a five-headed hydra
 13339 | Lair:2   | Reached skill level 12 in Invocations
 13489 | Lair:2   | Received a gift from Nemelex Xobeh
 13502 | Lair:2   | Noticed a six-headed hydra
 13517 | Lair:2   | Killed a seven-headed hydra
 13539 | Lair:2   | Reached skill level 13 in Invocations
 13670 | Lair:2   | Killed a bog body
 14193 | Lair:2   | Reached skill level 14 in Invocations
 14193 | Lair:2   | Reached XP level 12. HP: 94/106 MP: 17/21
 14687 | Lair:2   | Received a gift from Nemelex Xobeh
 14845 | Lair:3   | Found a transporter.
 14890 | Lair:3   | Found a hole to the Spider Nest.
 14962 | Lair:3   | Noticed a six-headed hydra
 14964 | Lair:3   | Noticed pkoi's ghost (journeyman DrMo)
 14971 | Lair:3   | Found a transporter.
 15088 | Lair:3   | Reached ****** piety under Nemelex Xobeh
 15169 | Lair:3   | Noticed a five-headed hydra
 15180 | Lair:3   | Killed a seven-headed hydra
 15181 | Lair:3   | Reached skill level 15 in Invocations
 15821 | Lair:4   | Noticed Sonja
 15824 | Lair:4   | Noticed a death yak
 15826 | Lair:4   | Noticed a death yak
 15832 | Lair:4   | Noticed a death yak
 15846 | Lair:3   | Reached skill level 5 in Dodging
 15905 | Lair:4   | Received a gift from Nemelex Xobeh
 15985 | Lair:4   | Noticed Sonja
 15985 | Lair:4   | Sonja changed into Sonja the ogre
 15988 | Lair:4   | Killed Sonja the ogre
 16113 | Lair:4   | Noticed a death yak
 16510 | Lair:4   | Found a burning altar of Makhleb.
 16644 | Lair:4   | Reached skill level 1 in Evocations
 16735 | Lair:4   | Killed a death yak
 16748 | Lair:4   | Killed a death yak
 16758 | Lair:4   | Killed a death yak
 16759 | Lair:4   | Killed a death yak
 16760 | Lair:4   | Reached skill level 5 in Evocations
 17174 | Lair:5   | Noticed a boulder beetle
 17182 | Lair:5   | Killed a boulder beetle
 17336 | Lair:5   | Received a gift from Nemelex Xobeh
 17380 | Lair:5   | Reached XP level 13. HP: 107/113 MP: 23/23
 17829 | Lair:5   | Received a gift from Nemelex Xobeh
 18254 | Lair:6   | Entered Level 6 of the Lair of Beasts
 18320 | Lair:6   | Found a staircase to the Slime Pits.
 18561 | Lair:5   | Reached skill level 10 in Evocations
 19306 | Lair:6   | Reached skill level 16 in Invocations
 19453 | Lair:6   | Received a gift from Nemelex Xobeh
 19997 | Lair:6   | Reached skill level 17 in Invocations
 19997 | Lair:6   | Reached XP level 14. HP: 100/121 MP: 22/25
 20710 | D:7      | Bought a scroll of acquirement for 520 gold pieces
 20710 | D:7      | Acquired a manual of Invocations
 20764 | Orc:1    | Entered Level 1 of the Orcish Mines
 20774 | Orc:1    | Received a gift from Nemelex Xobeh
 20893 | Orc:1    | Found Woceal's Magic Scroll Shoppe.
 20896 | Orc:1    | Bought a scroll of identify for 26 gold pieces
 20896 | Orc:1    | Bought 2 scrolls of identify for 52 gold pieces
 20896 | Orc:1    | Bought a scroll of teleportation for 39 gold pieces
 20896 | Orc:1    | Bought a scroll of blinking for 97 gold pieces
 20896 | Orc:1    | Bought 3 scrolls of magic mapping for 136 gold pieces
 20946 | Orc:2    | Entered Level 2 of the Orcish Mines
 20948 | Orc:2    | Noticed Donald
 20971 | Orc:2    | Killed Donald
 21473 | Orc:1    | Reached skill level 18 in Invocations
 21517 | Orc:1    | Received a gift from Nemelex Xobeh
 21620 | Orc:1    | Paralysed by a floating eye for 3 turns
 21953 | Orc:2    | Reached skill level 19 in Invocations
 22019 | Orc:2    | Found Atehos's Armour Emporium.
 22042 | Orc:2    | Found Muinn's General Store.
 22067 | Orc:2    | Bought a potion of curing for 48 gold pieces
 22771 | Orc:2    | Reached skill level 20 in Invocations
 23044 | Orc:2    | Found a staircase to the Elven Halls.
 23101 | Orc:2    | Noticed Maurice
 23117 | Orc:2    | Killed Maurice
 23204 | Orc:2    | Noticed an orc warlord
 23231 | Orc:2    | Noticed a storm dragon
 23231 | Orc:2    | an orc warlord changed into a storm dragon
 23237 | Orc:2    | Killed a storm dragon
 23474 | Orc:2    | Received a gift from Nemelex Xobeh
 23489 | Orc:2    | Found Hoigonk's Antique Armour Boutique.
 23559 | Orc:2    | Bought a pair of embroidered boots for 255 gold pieces
 24047 | Orc:2    | Found Utoesur's Armour Emporium.
 24933 | D:12     | Received a gift from Nemelex Xobeh
 25051 | D:12     | Found a runed translucent door.
 25588 | D:13     | Noticed Azrael
 25606 | D:13     | Killed Azrael
 25610 | D:13     | Reached XP level 15. HP: 85/132 MP: 18/28
 26048 | D:13     | You fall into a shaft and drop 2 floors!
 26048 | D:15     | Entered Level 15 of the Dungeon
 26152 | D:15     | Received a gift from Nemelex Xobeh
 26186 | D:15     | Found a gate leading to a gauntlet.
 26204 | Gauntlet | Entered a Gauntlet
 26204 | Gauntlet | Found a transporter.
 26204 | Gauntlet | Found a transporter.
 26204 | Gauntlet | Found a transporter.
 26382 | Gauntlet | Found a transporter.
 26384 | Gauntlet | Found a transporter.
 26384 | Gauntlet | Found a large runed translucent door.
 26385 | Gauntlet | Found a large runed translucent door.
 26386 | Gauntlet | Found a large runed translucent door.
 26386 | Gauntlet | Found a large runed translucent door.
 26386 | Gauntlet | Found a runed translucent door.
 26387 | Gauntlet | Found a large runed translucent door.
 26388 | Gauntlet | Found a large runed translucent door.
 26389 | Gauntlet | Found a large runed translucent door.
 26389 | Gauntlet | Found a large runed translucent door.
 26390 | Gauntlet | Found a runed translucent gate.
 26392 | Gauntlet | Found a transporter.
 26396 | Gauntlet | Found a transporter.
 26406 | Gauntlet | Found a transporter.
 26451 | Gauntlet | Received a gift from Nemelex Xobeh
 26498 | Gauntlet | Found a transporter.
 26500 | Gauntlet | Found a large runed translucent door.
 26501 | Gauntlet | Found a large runed translucent door.
 26502 | Gauntlet | Found a large runed translucent door.
 26502 | Gauntlet | Found a large runed translucent door.
 26502 | Gauntlet | Found a runed translucent door.
 26503 | Gauntlet | Found a large runed translucent door.
 26504 | Gauntlet | Found a large runed translucent door.
 26505 | Gauntlet | Found a large runed translucent door.
 26505 | Gauntlet | Found a large runed translucent door.
 26506 | Gauntlet | Found a runed translucent gate.
 26506 | Gauntlet | Found a runed translucent gate.
 26508 | Gauntlet | Found a transporter.
 26512 | Gauntlet | Found a transporter.
 26522 | Gauntlet | Found a transporter.
 26620 | Gauntlet | Identified the amulet of the Bespelling Hero {Faith Int+6}
 26703 | Gauntlet | Identified the ring "Ududeo" {rF+ rC+ Int+2}
 27002 | D:15     | Found a staircase to the Depths.
 27329 | D:15     | Found a radiant altar of Vehumet.
 27623 | D:14     | Received a gift from Nemelex Xobeh
 27648 | D:14     | Identified the ring "Bygguph" {rCorr MP+9 Dex+3}
 27902 | D:14     | Found a runed translucent gate.
 27902 | D:14     | Found a runed translucent gate.
 27902 | D:14     | Found a runed translucent gate.
 27902 | D:14     | Noticed JustinTrotter's ghost (journeyman GrFi)
 27902 | D:14     | Noticed a sphinx
 28011 | D:14     | Received a gift from Nemelex Xobeh
 28650 | D:13     | Found a gate to the Vaults.
 29089 | D:13     | Received a gift from Nemelex Xobeh
 29629 | Elf:1    | Entered Level 1 of the Elven Halls
 30133 | Elf:1    | Reached skill level 15 in Fighting
 30133 | Elf:1    | Reached skill level 15 in Armour
 30343 | Elf:1    | Found an ancient bone altar of Kikubaaqudgha.
 30437 | Elf:1    | Found Enoas's General Store.
 30442 | Elf:1    | Identified the +6 flail of Xaogoy {venom, Int+3}
 30444 | Elf:1    | Bought a scroll of teleportation for 45 gold pieces
 30474 | Elf:1    | Reached XP level 16. HP: 142/147 MP: 27/29
 30564 | Elf:1    | Reached skill level 21 in Invocations
 30565 | Elf:1    | Paralysed by an air elemental for 1 turns
 30567 | Elf:1    | Paralysed by an air elemental for 1 turns
 30569 | Elf:1    | Paralysed by an air elemental for 1 turns
 30963 | Elf:1    | Received a gift from Nemelex Xobeh
 31224 | Elf:1    | Acquired 1015 gold pieces
 31637 | Elf:1    | Noticed a storm dragon
 31637 | Elf:1    | a deep elf annihilator changed into a storm dragon
 31647 | Elf:1    | Killed a storm dragon
 31867 | Elf:1    | Reached skill level 22 in Invocations
 33059 | Elf:2    | Noticed a storm dragon
 33550 | Elf:2    | Noticed a sphinx
 33550 | Elf:2    | Noticed a sphinx
 33551 | Elf:2    | Noticed a sphinx
 33556 | Elf:2    | Killed a sphinx
 33556 | Elf:2    | Noticed a sphinx
 33557 | Elf:2    | Reached skill level 23 in Invocations
 33561 | Elf:2    | Killed a sphinx
 33561 | Elf:2    | Killed a sphinx
 33586 | Elf:2    | Killed a sphinx
 33618 | Elf:2    | Noticed a sphinx
 33626 | Elf:2    | Killed a sphinx
 33627 | Elf:2    | Reached XP level 17. HP: 32/156 MP: 11/31
 34074 | Elf:2    | Found a runed translucent gate.
 34074 | Elf:2    | Found a runed translucent gate.
 34074 | Elf:2    | Found a runed translucent gate.
 34626 | Elf:2    | Received a gift from Nemelex Xobeh
 34740 | Elf:2    | Reached skill level 24 in Invocations
 36211 | Swamp:1  | Entered Level 1 of the Swamp
 36563 | Swamp:1  | Found a runed translucent door.
 36563 | Swamp:1  | Identified the +10 trident of Mobimn {vorpal, rElec}
 36579 | Swamp:1  | Noticed PBDoughboyy's ghost (journeyman GnTm)
 37004 | D:5      | Killed lake5's ghost
 37206 | Swamp:1  | Received a gift from Nemelex Xobeh
 37209 | Swamp:1  | Identified the +1 scimitar of Yvotrupt {speed, Dex+4}
 37664 | Swamp:2  | Paralysed by a fenstrider witch for 6 turns
 37814 | Swamp:2  | Received a gift from Nemelex Xobeh
 37840 | Swamp:2  | Noticed a tentacled monstrosity
 37855 | Swamp:2  | Killed a tentacled monstrosity
 37958 | Swamp:2  | HP: 5/156 [spriggan rider (12)]
 37960 | Swamp:2  | Slain by a spriggan rider

Illustrated notes

Levels and vault maps discovered:
D:1:      dpeg_arrival_simpleton_b, layout_basic, nrook_mini_backslash
D:2:      layout_basic, shapermc_ecumenical_altar_ellora
D:3:      kennysheep_six_static_rooms, layout_loops_ring,
          nicolae_gozag_cash_rules_everything_around_me,
          pf_guarded_unrand_woodcutter, uniq_robin
D:4:      layout_rooms, minmay_temple_entry_arrows, serial_shops,
          kennysheep_mini, shop, nicolae_shop_crystal, portal_sewer_entry_e
D:5:      layout_loops_ring, serial_shops, nicolae_lakefront_shop,
          biasface_ghost_orc_armoury, minmay_small_thing
D:6:      layout_cave_pods, serial_shops, nicolae_shop_waterfront, uniq_pikel,
          uniq_menkaure, uniq_blork_the_orc
D:7:      layout_gridville, serial_shops, shop_scrolls, nicolae_shop_gadgets
D:8:      layout_rooms
D:9:      layout_roguey, orc_0_dummy
D:10:     minmay_weird_star, layout_long_grid, grunt_lair_entry_orc_guard_hut
D:11:     layout_stronghold
D:12:     layout_basic, lightli_church_of_beogh
D:13:     wad_crossroads, layout_cave_pools, grunt_vaults_entry_tiered,
          uniq_azrael
D:14:     layout_grid_maze, gammafunk_ghost_split,
          hangedman_abyss_or_decor_passed
D:15:     gammafunk_depths_entry_grave, layout_rooms, vehumet_crystals,
          gauntlet_entry_generic
Temple:   mainiacjoe_temple_circle_huts
Lair:1:   layout_cave_shapes, grunt_megastairs_3
Lair:2:   lemuel_ratsnest, layout_chaotic_city, skrybe_swamp_entry_bodies
Lair:3:   layout_cellular_growth, dummy_spider_entry, nzn_ghost_randoct,
          special_room [special_room_bee], wad_woods_river_04,
          serial_bayou_shore_a
Lair:4:   layout_layer_cave, basic_altar, grunt_megastairs_2,
          serial_bayou_shore_b, uniq_sonja
Lair:5:   layout_cellular_growth, lemuel_fruit_fields
Lair:6:   evilmike_catoblepas_cave, layout_gridlike,
          nicolae_slime_entry_slimehenge, pond
Swamp:1:  layout_falls_marsh, ebering_ghost_funeral_grove,
          evilmike_swamp_ruin_house_2
Swamp:2:  layout_basic_swamp, infiniplex_staircase_pool
Orc:1:    hellmonk_paralyzer, layout_diamond_mine, serial_shops,
          nicolae_shop_behind_doors
Orc:2:    pubby_orc_utopia, uniq_donald, uniq_maurice
Elf:1:    nicolae_elf_arrival_no_cutting_in_line, layout_geoelf_diagonals,
          serial_shops, shop_statue, basic_altar, minivault_28,
          grunt_megastairs_4
Elf:2:    nicolae_elf_blades_splatter_lattice [nicolae_blade_lattice],
          layout_rooms, special_room [special_room_mythical_zoo]

Skill      XL: |  1  2  3  4  5  6  7  8  9 10 11 12 13 14 15 16 17 |
---------------+----------------------------------------------------+-----
Axes           | 4 5 6 7 8 9 10 | 10.0
Invocations    | 5 9 10 14 15 17 20 23 24 | 24.8
Fighting       | 9 10 12 15 | 15.0
Armour         | 10 12 15 | 15.0
Dodging        | 5 |  5.0
Evocations     | 7 10 | 10.0
Stealth        | |  1.5

Action                   |  1- 3 |  4- 6 |  7- 9 | 10-12 | 13-15 | 16-18 || total
-------------------------+-------+-------+-------+-------+-------+-------++-------
Melee: Hand axe          |    77 |    54 |       |       |       |       ||   131
       Headbutt          |    10 |    22 |    24 |   106 |   292 |   128 ||   582
       War axe           |       |    97 |   197 |   433 |  1156 |   555 ||  2438
       Dagger            |       |     1 |       |       |       |       ||     1
       Punch             |       |     1 |     4 |     7 |     7 |       ||    19
Throw: Dart              |       |       |     2 |    10 |       |       ||    12
Invok: Draw Destruction  |       |       |       |    12 |    12 |    21 ||    45
       Triple Draw       |       |       |       |     1 |       |       ||     1
       Draw Summoning    |       |       |       |     2 |     8 |     5 ||    15
       Draw Escape       |       |       |       |       |       |     7 ||     7
Evoke: Wand              |       |       |       |     3 |     8 |     8 ||    19
       Condenser vane    |       |       |       |       |       |     1 ||     1
  Use: Scroll            |       |       |    10 |     8 |    10 |     5 ||    33
       Potion            |       |       |       |     1 |       |     2 ||     3
 Stab: Sleeping          |     3 |     2 |     1 |       |       |       ||     6
       Petrified         |       |       |       |       |     2 |       ||     2
       Distracted        |       |       |       |       |     3 |       ||     3
Armor: Robe              |    15 |       |       |       |       |       ||    15
       Ring mail         |    11 |    60 |    74 |   127 |   120 |       ||   392
       Plate armour      |       |       |       |       |   446 |   325 ||   771
Dodge: Dodged            |    30 |    97 |    91 |   359 |   859 |   277 ||  1713
Block: Kite shield       |       |       |       |       |   301 |   169 ||   470
       Reflection        |       |       |       |       |    14 |    18 ||    32
